Workbook

Sheet Sht1 - Sum Year 3
B2: DESCRIPTION - APPOINTMENT OF THE SERVICE PROVIDER FOR THE SUPPLY & DELIVERY OF ELECTRIC MOTOR REPAIRS SERVICES TO THE SANPC REFINERY FOR A PERIOD OF 36 MONTHS (3 YEARS) - YEAR THREE
B4: 1. Motor Overhauls, Repairs, and Rewinding Costs
B5: Item | C5: Description | D5: Totals From Sht 2 - 7 | F5: Total Price (Year Three Estimate) | H5: Price - Year Three
B6: 1.1 | C6: 2 Pole LV Motors (Sht1 - 2 Pole LV) | D6: ='Sht2 - 2 Pole LV'!AC49 -> 0 | F6: =D6/3 -> 0 | H6: =F6 -> 0
B7: 1.2 | C7: 4 Pole LV Motors (Sht2 - 4 Pole LV) | D7: ='Sht3 - 4 Pole LV'!AC49 -> 0 | F7: =D7/3 -> 0 | H7: =F7 -> 0
B8: 1.3 | C8: 6 Pole LV Motors (Sht3 - 6 Pole LV) | D8: ='Sht4 - 6 Pole LV'!AC49 -> 0 | F8: =D8/3 -> 0 | H8: =F8 -> 0
B9: 1.4 | C9: 8 Pole LV Motors (Sht4 - 8 Pole LV) | D9: ='Sht5 - 8 Pole LV'!AC49 -> 0 | F9: =D9/3 -> 0 | H9: =F9 -> 0
B10: 1.5 | C10: 16 Pole & below LV Motors (Sht5 - <=16 Pole LV) | D10: ='Sht6 - <=16 Pole LV'!AC49 -> 0 | F10: =D10/3 -> 0 | H10: =F10 -> 0
B11: 1.6 | C11: MV Motors (Sht6 - MV) | D11: ='Sht7 - MV'!Q71 -> 0 | F11: =D11/3 -> 0 | H11: =F11 -> 0
B12: Total Cost EXCL. VAT | H12: =SUM(H6:H11) -> 0
B16: 2. Other Labour Costs Including Callouts / Field Support
B17: Item | C17: Description | D17: Estimated Number of persons | E17: Hourly labour rate | F17: Estimated hours in 1 Year per resource | G17: Total Price (Per Year) | H17: Price - Year Three
B18: 2.1 | C18: Consultation Engineer | D18: 1 | F18: 70 | G18: =D18*E18*F18 -> 0 | H18: =G18/3 -> 0
B19: 2.2 | C19: Techncian | D19: 1 | F19: 150 | G19: =D19*E19*F19 -> 0 | H19: =G19/3 -> 0
B20: 2.3 | C20: Skilled Worker / Artisan | D20: 1 | F20: 150 | G20: =D20*E20*F20 -> 0 | H20: =G20/3 -> 0
B21: 2.4 | C21: Semi skilled | D21: 1 | F21: 100 | G21: =D21*E21*F21 -> 0 | H21: =G21/3 -> 0
B22: 2.5 | C22: Assistant | D22: 1 | F22: 100 | G22: =D22*E22*F22 -> 0 | H22: =G22/3 -> 0
B23: Total Cost EXCL. VAT | H23: =SUM(H18:H22) -> 0
B26: 3. Total Cost for the Provision of Electric Motor Repair Services for Year Three
B27: Item | C27: Description | H27: Price - Year Three
B28: 3.1 | C28: Motor Overhauls, Repairs, and Rewinding Costs | H28: =H12 -> 0
B29: 3.2 | C29: Other Labour Costs Including Callouts / Field Support | H29: =H23 -> 0
B30: YEAR THREE TOTAL EXC. VAT | H30: =SUM(H28:H29) -> 0

Sheet Sht2 - 2 Pole LV
B1: Appendix B1 - Schedule of Rates of Low Voltage Motors - 2 Pole
B3: Notes: All prices are all inclusive (labour, material, etc.) and are EXCLUDING VAT. Please enter 'N/A', 'Inclusive', etc where applicable
B5: Motor size (KW) | C5: 0.18 | D5: 0.25 | E5: 0.37 | F5: 0.55 | G5: 0.75 | H5: 1.1 | I5: 1.5 | J5: 2.2 | K5: 3 | L5: 4 | M5: 5.5 | N5: 7.5 | O5: 9.2 | P5: 11 | Q5: 15 | R5: 18.5 | S5: 22 | T5: 30 | U5: 37 | V5: 45 | W5: 55 | X5: 75 | Y5: 90 | Z5: 110 | AA5: 132 | AB5: 160
B6: SHOTBLAST / SANDBLAST , TREAT CASING & PRIME
B7: MANDATORY OVERHAUL OF MOTOR INCL STATIC TESTS
B8: STATOR CORE TEST BEFORE REWINDING
B9: COMPLETE REWIND TO H/CLASS INSULATION
B10: IMPREGNATE WINDINGS, BAKE AND TEST (VARNISH OR VPI)
B11: DRILL OUT ALL BROKEN STUDS IN CASING AND RETAP HOLES
B12: REPLACE ALL SECURING STUDS AND GASKETS
B13: REMOVE LIFTING EYEBOLTS, INSPECT THREAD ON BOLT IN HOLE
B14: SUPPLY AND FIT NEW LIFTING EYEBOLTS
B15: MANUFACTURE NEW ROTOR SHAFT FROM SPEC MATERIAL
B16: DYNAMIC BALANCE ROTOR TO SPECIFICATION
B17: MOLYBDENUM METAL SPRAY DE BEARING JOURNAL
... B47: SUPPLY AND FIT CERTIFIED TERMINAL BLOCK
B48: SUPPLY AND FIT TERMINAL BOX AND LID | AC48: Total Cost
B49: TOTAL | C49: {=SUMPRODUCT(IFERROR(C6:C48,0))} -> 0 | D49: {=SUMPRODUCT(IFERROR(D6:D48,0))} -> 0 | E49: {=SUMPRODUCT(IFERROR(E6:E48,0))} -> 0 | F49: {=SUMPRODUCT(IFERROR(F6:F48,0))} -> 0 | G49: {=SUMPRODUCT(IFERROR(G6:G48,0))} -> 0 | H49: {=SUMPRODUCT(IFERROR(H6:H48,0))} -> 0 | I49: {=SUMPRODUCT(IFERROR(I6:I48,0))} -> 0 | J49: {=SUMPRODUCT(IFERROR(J6:J48,0))} -> 0 | ... AB49: {=SUMPRODUCT(IFERROR(AB6:AB48,0))} -> 0 | AC49: =SUM(C49:AB49) -> 0

Sheet Sht3 - 4 Pole LV
B1: Appendix B2 - Schedule of Rates of Low Voltage Motors - 4 Pole
B3: Notes: All prices are all inclusive (labour, material, etc.) and are EXCLUDING VAT. Please enter 'N/A', 'Inclusive', etc where applicable
B5: Motor size (KW) | C5: 0.18 | D5: 0.25 | E5: 0.37 | F5: 0.55 | G5: 0.75 | H5: 1.1 | I5: 1.5 | J5: 2.2 | K5: 3 | L5: 4 | M5: 5.5 | N5: 7.5 | O5: 9.2 | P5: 11 | Q5: 15 | R5: 18.5 | S5: 22 | T5: 30 | U5: 37 | V5: 45 | W5: 55 | X5: 75 | Y5: 90 | Z5: 110 | AA5: 132 | AB5: 160
B6: SHOTBLAST / SANDBLAST , TREAT CASING & PRIME
B7: MANDATORY OVERHAUL OF MOTOR INCL STATIC TESTS
B8: STATOR CORE TEST BEFORE REWINDING
B9: COMPLETE REWIND TO H/CLASS INSULATION
B10: IMPREGNATE WINDINGS, BAKE AND TEST (VARNISH OR VPI)
B11: DRILL OUT ALL BROKEN STUDS IN CASING AND RETAP HOLES
B12: REPLACE ALL SECURING STUDS AND GASKETS
B13: REMOVE LIFTING EYEBOLTS, INSPECT THREAD ON BOLT IN HOLE
B14: SUPPLY AND FIT NEW LIFTING EYEBOLTS
B15: MANUFACTURE NEW ROTOR SHAFT FROM SPEC MATERIAL
B16: DYNAMIC BALANCE ROTOR TO SPECIFICATION
B17: MOLYBDENUM METAL SPRAY DE BEARING JOURNAL
... B47: SUPPLY AND FIT CERTIFIED TERMINAL BLOCK
B48: SUPPLY AND FIT TERMINAL BOX AND LID | AC48: Total Cost
B49: TOTAL | C49: {=SUMPRODUCT(IFERROR(C6:C48,0))} -> 0 | D49: {=SUMPRODUCT(IFERROR(D6:D48,0))} -> 0 | E49: {=SUMPRODUCT(IFERROR(E6:E48,0))} -> 0 | F49: {=SUMPRODUCT(IFERROR(F6:F48,0))} -> 0 | G49: {=SUMPRODUCT(IFERROR(G6:G48,0))} -> 0 | H49: {=SUMPRODUCT(IFERROR(H6:H48,0))} -> 0 | I49: {=SUMPRODUCT(IFERROR(I6:I48,0))} -> 0 | J49: {=SUMPRODUCT(IFERROR(J6:J48,0))} -> 0 | ... AB49: {=SUMPRODUCT(IFERROR(AB6:AB48,0))} -> 0 | AC49: =SUM(C49:AB49) -> 0

Sheet Sht4 - 6 Pole LV
B1: Appendix B3 - Schedule of Rates of Low Voltage Motors - 6 Pole
B3: Notes: All prices are all inclusive (labour, material, etc.) and are EXCLUDING VAT. Please enter 'N/A', 'Inclusive', etc where applicable
B5: Motor size (KW) | C5: 0.18 | D5: 0.25 | E5: 0.37 | F5: 0.55 | G5: 0.75 | H5: 1.1 | I5: 1.5 | J5: 2.2 | K5: 3 | L5: 4 | M5: 5.5 | N5: 7.5 | O5: 9.2 | P5: 11 | Q5: 15 | R5: 18.5 | S5: 22 | T5: 30 | U5: 37 | V5: 45 | W5: 55 | X5: 75 | Y5: 90 | Z5: 110 | AA5: 132 | AB5: 160
B6: SHOTBLAST / SANDBLAST , TREAT CASING & PRIME
B7: MANDATORY OVERHAUL OF MOTOR INCL STATIC TESTS
B8: STATOR CORE TEST BEFORE REWINDING
B9: COMPLETE REWIND TO H/CLASS INSULATION
B10: IMPREGNATE WINDINGS, BAKE AND TEST (VARNISH OR VPI)
B11: DRILL OUT ALL BROKEN STUDS IN CASING AND RETAP HOLES
B12: REPLACE ALL SECURING STUDS AND GASKETS
B13: REMOVE LIFTING EYEBOLTS, INSPECT THREAD ON BOLT IN HOLE
B14: SUPPLY AND FIT NEW LIFTING EYEBOLTS
B15: MANUFACTURE NEW ROTOR SHAFT FROM SPEC MATERIAL
B16: DYNAMIC BALANCE ROTOR TO SPECIFICATION
B17: MOLYBDENUM METAL SPRAY DE BEARING JOURNAL
... B47: SUPPLY AND FIT CERTIFIED TERMINAL BLOCK
B48: SUPPLY AND FIT TERMINAL BOX AND LID | AC48: Total Cost
B49: TOTAL | C49: {=SUMPRODUCT(IFERROR(C6:C48,0))} -> 0 | D49: {=SUMPRODUCT(IFERROR(D6:D48,0))} -> 0 | E49: {=SUMPRODUCT(IFERROR(E6:E48,0))} -> 0 | F49: {=SUMPRODUCT(IFERROR(F6:F48,0))} -> 0 | G49: {=SUMPRODUCT(IFERROR(G6:G48,0))} -> 0 | H49: {=SUMPRODUCT(IFERROR(H6:H48,0))} -> 0 | I49: {=SUMPRODUCT(IFERROR(I6:I48,0))} -> 0 | J49: {=SUMPRODUCT(IFERROR(J6:J48,0))} -> 0 | ... AB49: {=SUMPRODUCT(IFERROR(AB6:AB48,0))} -> 0 | AC49: =SUM(C49:AB49) -> 0

Sheet Sht5 - 8 Pole LV
B1: Appendix B4 - Schedule of Rates of Low Voltage Motors - 8 Pole
B3: Notes: All prices are all inclusive (labour, material, etc.) and are EXCLUDING VAT. Please enter 'N/A', 'Inclusive', etc where applicable
B5: Motor size (KW) | C5: 0.18 | D5: 0.25 | E5: 0.37 | F5: 0.55 | G5: 0.75 | H5: 1.1 | I5: 1.5 | J5: 2.2 | K5: 3 | L5: 4 | M5: 5.5 | N5: 7.5 | O5: 9.2 | P5: 11 | Q5: 15 | R5: 18.5 | S5: 22 | T5: 30 | U5: 37 | V5: 45 | W5: 55 | X5: 75 | Y5: 90 | Z5: 110 | AA5: 132 | AB5: 160
B6: SHOTBLAST / SANDBLAST , TREAT CASING & PRIME
B7: MANDATORY OVERHAUL OF MOTOR INCL STATIC TESTS
B8: STATOR CORE TEST BEFORE REWINDING
B9: COMPLETE REWIND TO H/CLASS INSULATION
B10: IMPREGNATE WINDINGS, BAKE AND TEST (VARNISH OR VPI)
B11: DRILL OUT ALL BROKEN STUDS IN CASING AND RETAP HOLES
B12: REPLACE ALL SECURING STUDS AND GASKETS
B13: REMOVE LIFTING EYEBOLTS, INSPECT THREAD ON BOLT IN HOLE
B14: SUPPLY AND FIT NEW LIFTING EYEBOLTS
B15: MANUFACTURE NEW ROTOR SHAFT FROM SPEC MATERIAL
B16: DYNAMIC BALANCE ROTOR TO SPECIFICATION
B17: MOLYBDENUM METAL SPRAY DE BEARING JOURNAL
... B47: SUPPLY AND FIT CERTIFIED TERMINAL BLOCK
B48: SUPPLY AND FIT TERMINAL BOX AND LID | AC48: Total Cost
B49: TOTAL | C49: {=SUMPRODUCT(IFERROR(C6:C48,0))} -> 0 | D49: {=SUMPRODUCT(IFERROR(D6:D48,0))} -> 0 | E49: {=SUMPRODUCT(IFERROR(E6:E48,0))} -> 0 | F49: {=SUMPRODUCT(IFERROR(F6:F48,0))} -> 0 | G49: {=SUMPRODUCT(IFERROR(G6:G48,0))} -> 0 | H49: {=SUMPRODUCT(IFERROR(H6:H48,0))} -> 0 | I49: {=SUMPRODUCT(IFERROR(I6:I48,0))} -> 0 | J49: {=SUMPRODUCT(IFERROR(J6:J48,0))} -> 0 | ... AB49: {=SUMPRODUCT(IFERROR(AB6:AB48,0))} -> 0 | AC49: =SUM(C49:AB49) -> 0

Sheet Sht6 - <=16 Pole LV
B1: Appendix B5 - Schedule of Rates of Low Voltage Motors - 16 Pole and below
B3: Notes: All prices are all inclusive (labour, material, etc.) and are EXCLUDING VAT. Please enter 'N/A', 'Inclusive', etc where applicable
B5: Motor size (KW) | C5: 0.18 | D5: 0.25 | E5: 0.37 | F5: 0.55 | G5: 0.75 | H5: 1.1 | I5: 1.5 | J5: 2.2 | K5: 3 | L5: 4 | M5: 5.5 | N5: 7.5 | O5: 9.2 | P5: 11 | Q5: 15 | R5: 18.5 | S5: 22 | T5: 30 | U5: 37 | V5: 45 | W5: 55 | X5: 75 | Y5: 90 | Z5: 110 | AA5: 132 | AB5: 160
B6: SHOTBLAST / SANDBLAST , TREAT CASING & PRIME
B7: MANDATORY OVERHAUL OF MOTOR INCL STATIC TESTS
B8: STATOR CORE TEST BEFORE REWINDING
B9: COMPLETE REWIND TO H/CLASS INSULATION
B10: IMPREGNATE WINDINGS, BAKE AND TEST (VARNISH OR VPI)
B11: DRILL OUT ALL BROKEN STUDS IN CASING AND RETAP HOLES
B12: REPLACE ALL SECURING STUDS AND GASKETS
B13: REMOVE LIFTING EYEBOLTS, INSPECT THREAD ON BOLT IN HOLE
B14: SUPPLY AND FIT NEW LIFTING EYEBOLTS
B15: MANUFACTURE NEW ROTOR SHAFT FROM SPEC MATERIAL
B16: DYNAMIC BALANCE ROTOR TO SPECIFICATION
B17: MOLYBDENUM METAL SPRAY DE BEARING JOURNAL
... B47: SUPPLY AND FIT CERTIFIED TERMINAL BLOCK
B48: SUPPLY AND FIT TERMINAL BOX AND LID | AC48: Total
B49: TOTAL | C49: {=SUMPRODUCT(IFERROR(C6:C48,0))} -> 0 | D49: {=SUMPRODUCT(IFERROR(D6:D48,0))} -> 0 | E49: {=SUMPRODUCT(IFERROR(E6:E48,0))} -> 0 | F49: {=SUMPRODUCT(IFERROR(F6:F48,0))} -> 0 | G49: {=SUMPRODUCT(IFERROR(G6:G48,0))} -> 0 | H49: {=SUMPRODUCT(IFERROR(H6:H48,0))} -> 0 | I49: {=SUMPRODUCT(IFERROR(I6:I48,0))} -> 0 | J49: {=SUMPRODUCT(IFERROR(J6:J48,0))} -> 0 | ... AB49: {=SUMPRODUCT(IFERROR(AB6:AB48,0))} -> 0 | AC49: =SUM(C49:AB49) -> 0

Sheet Sht7 - MV
B1: Appendix B6 - Schedule of Rates of MV (6600V) Motors
B3: Notes: All prices are all inclusive (labour, material, etc.) and are EXCLUDING VAT. Please enter 'N/A', 'Inclusive', etc where applicable
B5: PLANT No. | C5: PM1141 | D5: PM1104 | E5: PM1103 | F5: PM3301A | G5: PM1623 | H5: PM1615A | I5: PM1617A | J5: PM1617B | K5: PM1624 | L5: PM1615B | M5: PM1615C | N5: PM116B | O5: PM116A | P5: PM1612A
B6: FLC | C6: 115 | D6: 27.6 | E6: 22.1 | F6: 47.3 | G6: 34.5 | H6: 25.1 | I6: 42.5 | J6: 42.5 | K6: 42.5 | L6: 32 | M6: 33 | N6: 30 | O6: 23 | P6: 42.5
B7: RPM | C7: 1489 | D7: 2963 | E7: 2900 | F7: 1485 | G7: 2970 | H7: 2976 | I7: 2976 | J7: 2976 | K7: 2976 | L7: 2982 | M7: 2984 | N7: 1430 | O7: 2958 | P7: 2976
B8: KW | C8: 1155 | D8: 262 | E8: 220 | F8: 410 | G8: 330 | H8: 224 | I8: 375 | J8: 375 | K8: 375 | L8: 260 | M8: 315 | N8: 330 | O8: 224 | P8: 370
B9: SHOTBLAST/ SANDBLAST, TREAT CASING & PRIME
B10: MANDATORY OVERHAUL OF MOTOR INCL STATIC TESTS
B11: STATOR CORE TEST BEFORE REWINDING
B12: COMPLETE REWIND TO H/CLASS INSULATION INCL COILS REMOVAL AND MANUFACTURE
B13: IMPREGNATE WINDINGS, BAKE AND TEST (VARNISH OR VPI)
B14: DRILL OUT ALL BROKEN STUDS IN CASING AND RETAP HOLES
B15: REPLACE ALL SECURING STUDS AND GASKETS
B16: REMOVE LIFTING EYEBOLTS, INSPECT THREAD ON BOLT IN HOLE
B17: SUPPLY AND FIT NEW LIFTING EYEBOLTS
B18: MODIFY DE ENDSHIELDS TO FIT LUBRICATOR
B19: MODIFY NDE ENDSHIELDS TO FIT LUBRICATOR
B20: MODIFY DE FLANGE TO FIT INPRO/SEAL BEARING ISOLATOR
... B69: ASSEMBLE MOTOR COMPLETE AND CERTIFY
B70: TEST RUN MOTOR ON NO LOAD | Q70: Total
B71: TOTAL | C71: {=SUMPRODUCT(IFERROR(C9:C70,0))} -> 0 | D71: {=SUMPRODUCT(IFERROR(D9:D70,0))} -> 0 | E71: {=SUMPRODUCT(IFERROR(E9:E70,0))} -> 0 | F71: {=SUMPRODUCT(IFERROR(F9:F70,0))} -> 0 | G71: {=SUMPRODUCT(IFERROR(G9:G70,0))} -> 0 | H71: {=SUMPRODUCT(IFERROR(H9:H70,0))} -> 0 | I71: {=SUMPRODUCT(IFERROR(I9:I70,0))} -> 0 | J71: {=SUMPRODUCT(IFERROR(J9:J70,0))} -> 0 | ... P71: {=SUMPRODUCT(IFERROR(P9:P70,0))} -> 0 | Q71: =SUM(C71:P71) -> 0
